AoeStats
← hotzmann

Fortress

509445260Analyzed
3v3 RM · 6d ago on Sep 26, 2026· 73m 14s· 6 players
Game mode
Random Map
Map size
Large (8 player)
Population
200
Speed
Normal
Resources
Standard
Victory
Conquest
Starting age
Dark Age
Ending age
Imperial Age
RankedLock teamsTeams togetherTeam positionsShared explorationLock speedFull tech treeHidden civsTurbo modeCheats
Victory
Defeat
🇩🇪 Mongols · Germany
1158
+14
🇺🇸 Burmese · United States
1129
+15
🇺🇸 Aztecs · United States
1117
+16
🇷🇺 Poles · Russia
1144
-16
🇷🇺 Dravidians · Russia
1143
-16
🇷🇺 Sicilians · Russia
1053
-13
Linguist
8:15 Feudal Age
11:46 Castle Age
10:21 Scale Mail Armor
10:46 Double-Bit Axe
11:34 Horse Collar
14:58 Forging
14:40 Loom
15:09 Loom
17:20 Chain Mail Armor
21:19 Iron Casting
23:30 Wheelbarrow
23:13 Padded Archer Armor
24:28 Leather Archer Armor
24:04 Fletching
26:01 Bodkin Arrow
26:24 Town Watch
27:45 Gold Mining
33:31 Imperial Age
33:40 Scale Barding Armor
34:15 Bracer
34:58 Capped Ram
36:18 Chain Barding Armor
37:47 Conscription
40:57 Hand Cart
43:02 Blast Furnace
41:57 Stone Mining
43:17 Plate Mail Armor
44:19 Heavy Mounted Crossbowman
45:43 Bow Saw
46:51 Thumb Ring
47:48 Chemistry
47:09 Ballistics
48:10 Town Patrol
48:22 Masonry
47:59 Arrowslits
48:53 Caravan
49:39 Light Cavalry
50:29 Bloodlines
50:19 Husbandry
50:45 Bloodlines
50:40 Guard Tower
50:37 Winged Hussar
54:10 Keep
55:02 Stone Shaft Mining
57:51 Fortified Wall
58:03 Heavy Plow
67:09 Crop Rotation
70:18 Elite Skirmisher
alek66
0:30 Loom
8:52 Feudal Age
10:14 Horse Collar
10:22 Double-Bit Axe
18:07 Castle Age
16:32 Scale Mail Armor
16:23 Fletching
16:43 Gold Mining
17:54 Wheelbarrow
18:16 Forging
19:15 Town Watch
19:42 Squires
19:30 Gambesons
19:48 Heavy Plow
22:19 Hand Cart
22:29 Chain Mail Armor
22:44 Bodkin Arrow
24:54 Padded Archer Armor
24:26 Elite Skirmisher
25:47 Bow Saw
26:07 Leather Archer Armor
27:04 Iron Casting
26:49 Stone Mining
29:15 Ballistics
34:11 Imperial Age
31:36 Pikeman
34:02 Scale Barding Armor
34:03 Town Patrol
34:33 Capped Ram
35:42 Bracer
36:37 Halberdier
37:43 Conscription
39:56 Plate Mail Armor
42:49 Blast Furnace
47:13 Chain Barding Armor
47:28 Crop Rotation
49:08 Arson
52:05 Chemistry
51:16 Masonry
51:47 Hauberk
54:14 Plate Barding Armor
57:05 Arrowslits
66:36 Hoardings
RusEKB66
8:02 Feudal Age
8:39 Double-Bit Axe
8:35 Horse Collar
8:47 Loom
14:13 Castle Age
12:28 Forging
12:18 Scale Mail Armor
12:28 Gold Mining
12:23 Man-at-Arms
15:12 Bow Saw
14:32 Long Swordsman
14:48 Elite Skirmisher
16:29 Squires
22:09 Wheelbarrow
22:33 Heavy Plow
25:10 Fletching
26:42 Chain Mail Armor
28:28 Bodkin Arrow
28:34 Padded Archer Armor
32:20 Padded Archer Armor
35:28 Imperial Age
33:25 Leather Archer Armor
37:36 Bracer
39:18 Iron Casting
43:02 Plate Mail Armor
44:37 Chemistry
45:35 Blast Furnace
47:25 Ring Archer Armor
48:06 Arson
49:29 Two-Man Saw
49:58 Two-Handed Swordsman
50:02 Pikeman
51:01 Halberdier
57:45 Two-Handed Swordsman
Willie Beamin
8:31 Feudal Age
7:28 Loom
10:59 Horse Collar
13:47 Castle Age
12:53 Wheelbarrow
14:40 Heavy Plow
16:14 Fletching
22:38 Padded Archer Armor
23:34 Bloodlines
34:35 Imperial Age
31:57 Light Cavalry
32:45 Man-at-Arms
34:04 Pikeman
34:10 Long Swordsman
34:56 Two-Handed Swordsman
36:27 Conscription
36:19 Champion
38:28 Halberdier
39:26 Forging
39:16 Scale Mail Armor
41:19 Squires
43:54 Hussar
46:07 Chain Mail Armor
54:37 Gambesons
57:30 Iron Casting
61:46 Crop Rotation
69:20 Scale Barding Armor
hotzmann
9:02 Feudal Age
10:01 Double-Bit Axe
10:03 Horse Collar
12:37 Castle Age
13:56 Wheelbarrow
16:29 Bow Saw
16:42 Gold Mining
17:23 Loom
18:52 Scale Mail Armor
25:51 Redemption
27:55 Fervor
28:53 Heavy Plow
32:02 Eagle Warrior
35:20 Chain Mail Armor
35:29 Squires
43:35 Imperial Age
42:52 Sanctity
44:30 Fortified Wall
44:28 Elite Eagle Warrior
46:03 Block Printing
47:28 Illumination
47:47 Theocracy
51:10 Gold Shaft Mining
51:37 Caravan
52:52 Hand Cart
52:03 Elite Eagle Warrior
52:34 Pikeman
55:30 Garland Wars
56:02 Hand Cart
60:07 Plate Mail Armor
63:25 Forging
63:40 Herbal Medicine
64:10 Town Watch
66:32 Fletching
67:18 Elite Skirmisher
67:59 Bodkin Arrow
68:47 Atlatl
70:24 Bracer
72:55 Iron Casting
Dine'nDash
7:26 Feudal Age
7:51 Loom
11:14 Castle Age
9:13 Double-Bit Axe
9:09 Horse Collar
11:55 Heavy Plow
17:24 Fletching
18:22 Bodkin Arrow
21:14 Bow Saw
22:57 Wheelbarrow
22:44 Thumb Ring
24:06 Husbandry
24:17 Bloodlines
25:32 Ballistics
27:43 Hand Cart
31:16 Imperial Age
31:17 Padded Archer Armor
31:28 Forging
31:23 Scale Barding Armor
31:29 Town Watch
31:47 Elite Steppe Lancer
32:48 Light Cavalry
34:53 Iron Casting
34:38 Chain Barding Armor
33:44 Hussar
35:56 Bracer
39:26 Blast Furnace
38:42 Leather Archer Armor
39:53 Chemistry
43:55 Scale Mail Armor
47:46 Conscription
48:09 Chain Mail Armor
51:23 Siege Engineers
63:34 Elite Mangudai
72:40 Caravan
Connection lost

Rejoining the realm…

Still unreachable

The connection could not be restored.

Session expired

The server has moved on; the page needs a fresh start.